Unix NetHack Version 5.0.0-0 post-release - last build May 10 2026 23:12:36 (d1fa5d53e341ca933230fdaa984d921c805b60aa,branch:main).

Game began 2026-05-17 01:23:19, ended 2026-05-17 01:32:46.

Brudee, chaotic male human Monk

      --
    ---.                           ---
    |...                       |   ..---
   --...   --------------  ............-----
   |....----.....d..h.@....................|
   |.........----#---G.---   ..............-
   |-.........|   # .....          .........|
   |..........|   |........              ...-
   --.........--  --.|.....|             -
  ---..........|   -- ------
  |............--
  |.............|
 --.........--.--
 |.........-- --
 |.......<.|
 ---..|..---
   -------

Brudee the Candidate            St:18/01 Dx:11 Co:13 In:9 Wi:15 Ch:10  Chaotic S:1487
Dlvl:5  $:1151 HP:0(18) Pw:12(12) AC:4  Xp:2/34 T:1197 

Latest messages:
 You sold a gray spellbook for 30 gold pieces.
 You drop a silver spellbook.
 Droichead Atha cannot pay you at present.
 Will you accept 180 zorkmids in credit for a silver spellbook? [ynaq] (y) n
 A - a silver spellbook.
 Shaggy picks up a gray spellbook.
 You swap places with Shaggy.
 You swap places with Shaggy.
 v - a gray spellbook.
 There is nothing here to pick up.
 You kill the lichen!
 You see here a lichen corpse.
 There is a lichen corpse here; eat it? [ynq] (n) n
 What do you want to eat? [efghm or ?*] n
 You cannot eat that!
 There is a lichen corpse here; eat it? [ynq] (n) y
 This lichen corpse tastes delicious!
 Suddenly, the newt falls through a trap door.
 You finish eating the lichen corpse.
 You descend the stairs.
 You hear someone counting gold coins.
 You kill the grid bug!
 You descend the stairs.
 Shaggy picks up a food ration.
 Shaggy drops a food ration.
 You find a hidden passage.
 With great effort you move the boulder.
 $ - 16 gold pieces (1146 in total).
 The gecko just misses!
 You kill the gecko!
 You descend the stairs.
 You climb up the stairs.
 $ - 3 gold pieces (1149 in total).
 You hear the footsteps of a guard on patrol.
 You swap places with Shaggy.
 $ - 2 gold pieces (1151 in total).
 You descend the stairs.
 The gnome picks up a fortune cookie.
 You see here a towel.
 C - a towel.
 The dwarf swings his pick-axe.
 The dwarf hits!
 You hear some noises in the distance.
 The dwarf swings his pick-axe.
 The dwarf hits!
 The gnome swings her bow.
 The gnome hits!
 You die...
 Do you want your possessions identified? [ynq] (y) y
 Do you want to see your attributes? [ynq] (y) q

Inventory:
 Coins    ('$')
  $ - 1151 gold pieces
 Amulets  ('"')
  t - an uncursed amulet of life saving
 Weapons  (')')
  l - 9 +0 darts
 Armor    ('[')
  a - an uncursed +2 pair of leather gloves (being worn)
  b - an uncursed +1 robe (being worn)
 Comestibles  ('%')
  f - 7 uncursed apples
  e - 2 uncursed food rations
  h - 3 uncursed fortune cookies
  m - 2 uncursed melons
  g - 6 uncursed oranges
 Scrolls  ('?')
  p - a blessed scroll of enchant armor
  c - an uncursed scroll of identify
  z - a blessed scroll of magic mapping
  r - an uncursed scroll of remove curse
 Spellbooks  ('+')
  w - an uncursed novel named Eric
  v - an uncursed spellbook of cone of cold
  i - a blessed spellbook of confuse monster
  y - an uncursed spellbook of confuse monster
  n - an uncursed spellbook of haste self
  A - an uncursed spellbook of restore ability
  x - an uncursed spellbook of wizard lock
 Potions  ('!')
  u - an uncursed potion of blindness
  d - 3 uncursed potions of healing
  s - an uncursed potion of sleeping
 Rings    ('=')
  o - an uncursed ring of protection from shape changers
 Wands    ('/')
  k - a wand of fire (0:4)
 Tools    ('(')
  C - an uncursed towel

Brudee the Monk's attributes:

Background:
 You were a Candidate, a level 2 male human Monk.
 You were chaotic, nominally on a mission for Huan Ti
 who was opposed by Shan Lai Ching (lawful) and Chih Sung-tzu (neutral).
 You were right-handed.
 You were in the Gnomish Mines, on level 5.
 You entered the dungeon 1197 turns ago.
 It was nighttime.
 There was a new moon in effect when your adventure ended.
 You had 34 experience points, 6 more were needed to attain level 3.
 Your score was 1487 before end-of-game adjustments.

Basics:
 You had 0 out of 18 hit points.
 You had all 12 energy points (spell power).
 Your armor class was 4.
 Your wallet contained 1151 zorkmids.
 Autopickup was on for '$!=+?/"' plus thrown.

Final Characteristics:
 Your strength was 18/01 (limit:18/100).
 Your dexterity was 11 (limit:18).
 Your constitution was 13 (limit:18).
 Your intelligence was 9 (limit:18).
 Your wisdom was 15 (limit:18).
 Your charisma was 10 (limit:18).

Final Status:
 You weren't hungry.
 You were unencumbered.
 You were empty handed.
 You had basic skill with martial arts.

Final Attributes:
 You were devoutly aligned.
 You were sleep resistant.
 You saw invisible.
 You were guarded.
 Your spell casting was enhanced by wearing a robe.
 You were fast.
 You are dead.

Miscellaneous:
 You didn't encounter any bones levels.
 Total elapsed playing time was 9 minutes and 26 seconds.

Major events:
 Turn
    1: Brudee the chaotic male human Monk entered the dungeon
 1049: entered the Gnomish Mines
 1197: killed by a gnome

Spells:
 Name                 Level Category     Fail Retention
 confuse monster        1   enchantment    0%  76%-100%

Skills:
 Fighting Skills
   martial arts       [Basic]
 Weapon Skills
   quarterstaff       [Unskilled]
   spear              [Unskilled]
   crossbow           [Unskilled]
   shuriken           [Unskilled]
 Spellcasting Skills
   attack spells      [Unskilled]
   healing spells     [Basic]
   divination spells  [Unskilled]
   enchantment spells [Unskilled]
   clerical spells    [Unskilled]
   escape spells      [Unskilled]
   matter spells      [Unskilled]

Voluntary challenges:
 Character rerolling was not enabled.
 You followed a strict vegan diet.
 You were an atheist.
 You never hit with a wielded weapon.
 You were illiterate.
 You never genocided any monsters.
 You never polymorphed an object.
 You never changed form.
 You used no wishes.
Achievements:
 You entered a shop.
 You entered the Gnomish Mines.

 The Dungeons of Doom: levels 1 to 4
    Level 1:
       A fountain.
    Level 2:
       A bookstore.
    Level 3:
       A fountain.
    Level 4:
       Stairs down to The Gnomish Mines.
 The Gnomish Mines:
    Level 5: <- You were here.
       Final resting place for
          you, killed by a gnome.


Vanquished creatures:
  a shrieker
  a gnome
  2 geckos
  a jackal
  a fox
  a kobold
  4 grid bugs
  a lichen
  a newt
13 creatures vanquished.

No species were genocided or became extinct.

Game over:
                       ----------
                      /          \
                     /    REST    \
                    /      IN      \
                   /     PEACE      \
                  /                  \
                  |      Brudee      |
                  |     1151 Au      |
                  |   killed by a    |
                  |      gnome       |
                  |                  |
                  |                  |
                  |       2026       |
                 *|     *  *  *      | *
        _________)/\\_//(\/(/\)/\//\/|_)_______

Goodbye Brudee the Monk...

You died in The Gnomish Mines on dungeon level 5 with 1372 points,
and 1151 pieces of gold, after 1197 moves.
You were level 2 with a maximum of 18 hit points when you died.

